 Seeded DCSS version 0.32-a0-913-g739538afd8 (webtiles) character file.

Game seed: 17073724502869601980 (custom seed)

6041 timneilson the Carver (level 10, -12/76 HPs)
             Began as a Demonspawn Gladiator on Apr 8, 2024.
             Was an Initiate of Gozag.
             Mangled by a two-headed ogre
             ... wielding a +0 dire flail
              (19 damage)
             ... on level 9 of the Dungeon.
             The game lasted 00:15:54 (7739 turns).

timneilson the Carver (Demonspawn Gladiator)        Turns: 7739, Time: 00:15:55

Health: -12/76     AC: 19    Str: 14    XL:     10   Next: 56%
Magic:  10/10      EV: 10    Int:  9    God:    Gozag
Gold:   801        SH:  5    Dex: 27    Spells: 9/9 levels left

rFire   x . .        o - +11 scimitar "Loopy" {pain, rElec Will+ Stlth+}
rCold   . . .        (no shield)
rNeg    + + .        p - +1 chain mail
rPois   +            s - +1 helmet
rElec   +            (no cloak)
rCorr   +            (gloves unavailable)
SInv    +            f - +1 pair of boots of Foxky {rPois Dex+5}
Will    +....        z - amulet of Ephemeral Luck {Reflect rPois rF- rN++ Dex+3 Slay+3 SH+5}
Stlth   +            n - ring of see invisible
HPRegen 0.32/turn    c - ring of resist corrosion
MPRegen 0.12/turn

%: reflection
@: gold aura
A: thin metallic scales 2, powered by pain 1, demonic touch 3
a: Renounce Religion, Potion Petition, Call Merchant, Bribe Branch


You were on level 9 of the Dungeon.
You worshipped Gozag.
Gozag was pleased with you.
You visited 2 branches of the dungeon, and saw 10 of its levels.

You collected 1692 gold pieces.
You spent 826 gold pieces at shops.
You paid 65 gold pieces to Gozag.

Inventory:

Hand Weapons
 a - a +0 long sword of flaming
 o - the +11 scimitar "Loopy" (weapon) {pain, rElec Will+ Stlth+}
   (You acquired it on level 4 of the Dungeon)

   rElec:     It insulates you from electricity.
   Will+:     It increases your willpower.
   Stlth+:    It makes you more stealthy.
Missiles
 d - 7 throwing nets (quivered)
 e - 7 javelins
 w - 16 poisoned darts
 F - a curare-tipped dart
Armour
 f - the +1 pair of boots of Foxky (worn) {rPois Dex+5}
   (You acquired it on level 1 of the Dungeon)

   Dex+5:     It affects your dexterity (+5).
   rPois:     It protects you from poison.
 p - a +1 chain mail (worn)
 s - a +1 helmet (worn)
Jewellery
 c - a ring of resist corrosion (right hand)
 n - a ring of see invisible (left hand)
 x - a +4 ring of protection
 z - the amulet of Ephemeral Luck (around neck) {Reflect rPois rF- rN++ Dex+3 Slay+3 SH+5}
   (You bought it in a shop on level 8 of the Dungeon)

   [amulet of reflection]

   Reflect:   It reflects blocked missile attacks.
   Dex+3:     It affects your dexterity (+3).
   Slay+3:    It affects your accuracy & damage with ranged weapons and melee
   (+3).
   rF-:       It makes you vulnerable to fire.
   rPois:     It protects you from poison.
   rN++:      It greatly protects you from negative energy.
   SH+5:      It affects your SH (+5).
Wands
 h - a wand of roots (11)
 y - a wand of flame (17)
 C - a wand of quicksilver (10)
 H - a wand of mindburst (8)
 J - a wand of charming (1)
Scrolls
 l - 2 scrolls of fear
 u - 2 scrolls of amnesia
 D - a scroll of teleportation
 E - a scroll of summoning {unknown}
 G - a scroll of poison {unknown}
 I - a scroll of noise {unknown}
Potions
 b - 2 potions of lignification
 g - a potion of mutation {unknown}
 i - 3 potions of haste {unknown}
 j - 2 potions of might
 k - 4 potions of curing {unknown}
 m - 2 potions of berserk rage {unknown}
 q - a potion of degeneration {unknown}
 r - a potion of magic {unknown}
 t - 2 potions of ambrosia
 v - a potion of heal wounds {unknown}
 A - 2 potions of attraction
 B - a potion of enlightenment {unknown}


   Skills:
 + Level 6.1 Fighting
 * Level 8.2 Long Blades
 - Level 1.7 Throwing
 * Level 7.7 Armour
 + Level 6.1 Dodging
 + Level 5.1 Necromancy
 + Level 4.4 Evocations


You had 9 spell levels left.
You didn't know any spells.
Your spell library contained the following spells:

 Spells                   Type           Power      Damage    Failure   Level
 Sting                    Conj/Alch      0%         1d3       99%         1
 Mercury Vapours          Alch/Air       0%         N/A       100%        2
 Summon Ice Beast         Ice/Summ       0%         N/A       100%        3
 Volatile Blastmotes      Fire/Tloc      0%         2d10      100%        3
 Fulminant Prism          Conj/Alch      0%         3d5       100%        4
 Iskenderun's Mystic Bla Conj/Tloc 0%             2d3        (+2d1     100%        4
 Olgreb's Toxic Radiance  Alch           0%         N/A       100%        4
 Summon Mana Viper        Hex/Summ       0%         N/A       100%        5
 Conjure Ball Lightning   Conj/Air       0%         3x3d6     100%        6
 Monstrous Menagerie      Summ           0%         N/A       100%        7
 Discord                  Hex            0%         N/A       100%        8
 Disjunction              Tloc           0%         N/A       100%        8


Dungeon Overview and Level Annotations

Branches:
Dungeon (9/15)             Temple (1/1) D:5            Lair (0/5) D:9
    Orc: D:9-12

Altars:
Ashenzari
Cheibriados
Dithmenos
Fedhas
Gozag
Hepliaklqana
Kikubaaqudgha
Makhleb
Nemelex Xobeh
Okawaru
Qazlal
Ru
Sif Muna
Trog
Uskayaw
Vehumet
Wu Jian
Xom
Yredelemnul

Shops:
D:8 =


Innate Abilities, Weirdness & Mutations

You are mostly covered in thin metallic scales. (AC +3)
You sometimes gain a little power by taking damage.
Your touch may irresistibly damage your foes and sap their willpower.


Message History

You hit the two-headed ogre.
The two-headed ogre writhes in agony.
The two-headed ogre is lightly wounded.
The gnoll sergeant barely misses you. You block the steam dragon's attack.
The steam dragon closely misses you.
The two-headed ogre hits you but does no damage.
The two-headed ogre closely misses you.
You slash the steam dragon!
The steam dragon is heavily wounded.
You block the gnoll sergeant's attack.
A skeletal warrior comes into view. It is wielding a +0 dire flail.
Unknown command.
You hit the skeletal warrior but do no damage.
The two-headed ogre hits you but does no damage.
The two-headed ogre barely misses you. You block the gnoll sergeant's attack.
You hit the skeletal warrior.
The skeletal warrior is lightly damaged.
The gnoll sergeant completely misses you.
The skeletal warrior hits you with a +0 dire flail.
You block the two-headed ogre's attack.
The two-headed ogre hits you with a +0 giant spiked club.
Unknown command.
You slash the skeletal warrior!
The skeletal warrior is moderately damaged.
The gnoll sergeant hits you from afar with a +0 spear!
The skeletal warrior hits you with a +0 dire flail!
You hit the skeletal warrior.
The skeletal warrior is moderately damaged.
You block the two-headed ogre's attack.
The two-headed ogre hits you with a +0 giant spiked club!!
* * * LOW HITPOINT WARNING * * *
The gnoll sergeant hits you but does no damage.
The skeletal warrior hits you but does no damage.
You slash the two-headed ogre!
The two-headed ogre is heavily wounded.
The gnoll sergeant barely misses you. The skeletal warrior barely misses you.
The two-headed ogre hits you with a +0 dire flail!
* * * LOW HITPOINT WARNING * * *
The two-headed ogre hits you with a +0 giant spiked club!!
You die...
Your body crumbles into a pile of gold.

###.#.####.......
...#.....###....
##.#.....# #....
#.......# ##... .
#.......####... .O
##.......##.'... ..#
###..#........#...
Dc
#.................
#D#@.)..............
#gzO###.####........
.......## #.#
#........ #......
..####........
.......
.............
.......
.............
...####
........##.#. ...
............. ..
.............


You could see a skeletal warrior, a two-headed ogre and a gnoll sergeant.

Vanquished Creatures
  A centaur warrior (D:9)
  A two-headed ogre (D:9)
  Joseph (D:8)
  A wyvern (D:9)
  5 yaks (D:8)
  A steam dragon (D:9)
  3 water moccasins
  3 orc warriors
  A black bear (D:6)
  An ogre (D:6)
  3 centaurs
  2 phantoms (D:5)
  A kobold brigand (D:8)
  3 bullfrogs
  2 gnoll sergeants
  2 scorpions (D:5)
  8 wights
  3 killer bees (D:7)
  2 howler monkeys (D:7)
  4 hounds
  9 orc priests
  2 gnoll boudas (D:8)
  2 sleepcaps
  3 iguanas
  8 orc wizards
  24 gnolls
  11 adders
  A shadow imp (D:8)
  A white imp (D:7)
  2 ufetubi (D:6)
  3 dart slugs
  43 orcs
  8 endoplasms
  5 giant cockroaches
  8 hobgoblins
  11 jackals
  4 quokkas
  3 ball pythons
  11 bats
  7 frilled lizards
  6 goblins
  15 kobolds
  5 rats
240 creatures vanquished.

Notes
Turn   | Place    | Note
-------+----------+-------------------------------------------
     0 | D:1      | timneilson the Demonspawn Gladiator began the quest for the
                  | Orb.
     0 | D:1      | Reached XP level 1. HP: 16/16 MP: 1/1
   123 | D:1      | Identified a scroll of acquirement
   123 | D:1      | Acquired the +1 pair of boots of Foxky {rPois Dex+5}
   330 | D:1      | Gained mutation: You are partially covered in thin metallic
                  | scales. (AC +2) [demonic ancestry]
   330 | D:1      | Reached XP level 2. HP: 18/22 MP: 2/2
   512 | D:1      | Reached skill level 3 in Long Blades
   680 | D:2      | Reached skill level 1 in Armour
   817 | D:3      | Found a faded altar of an unknown god.
   824 | D:3      | Gained mutation: You are mostly covered in thin metallic
                  | scales. (AC +3) [demonic ancestry]
   824 | D:3      | Reached XP level 3. HP: 27/27 MP: 3/3
   891 | D:4      | Acquired the +11 scimitar "Loopy" {pain, rElec Will+
                  | Stlth+}
   908 | D:5      | Entered Level 5 of the Dungeon
   923 | D:5      | Found a staircase to the Ecumenical Temple.
   931 | Temple   | Entered the Ecumenical Temple
   950 | Temple   | Became a worshipper of Gozag Ym Sagoz the Greedy
  1265 | D:2      | You fall into a shaft and drop 2 floors!
  1415 | D:3      | Reached XP level 4. HP: 34/34 MP: 4/4
  1467 | D:3      | Found a radiant altar of Vehumet.
  2861 | D:4      | Gained mutation: Your touch may inflict minor irresistible
                  | damage on your foes. [demonic ancestry]
  2861 | D:4      | Reached XP level 5. HP: 35/39 MP: 5/5
  3302 | D:4      | Reached skill level 4 in Long Blades
  3564 | D:5      | Gained mutation: Your touch may inflict irresistible damage
                  | on your foes. [demonic ancestry]
  3564 | D:5      | Reached XP level 6. HP: 46/46 MP: 6/6
  3599 | D:5      | Noticed a water moccasin
  3603 | D:5      | Killed a water moccasin
  3604 | D:5      | Reached XP level 7. HP: 50/52 MP: 7/7
  3740 | D:5      | Reached skill level 5 in Long Blades
  4057 | D:5      | Reached skill level 1 in Necromancy
  4227 | D:6      | Reached skill level 1 in Evocations
  4241 | D:6      | Reached XP level 8. HP: 56/60 MP: 8/8
  4769 | D:6      | Reached skill level 5 in Armour
  5200 | D:7      | Found an iron altar of Okawaru.
  5231 | D:7      | Found a shimmering blue altar of Sif Muna.
  5451 | D:7      | Reached skill level 6 in Long Blades
  5607 | D:7      | Found a broken altar of Ashenzari.
  5679 | D:7      | Gained mutation: You sometimes gain a little power by
                  | taking damage. [demonic ancestry]
  5679 | D:7      | Reached XP level 9. HP: 45/66 MP: 9/9
  5723 | D:7      | Reached skill level 5 in Dodging
  6170 | D:8      | Reached skill level 5 in Fighting
  6183 | D:8      | Reached skill level 7 in Long Blades
  6349 | D:8      | Found Idowidgh's Jewellery Emporium.
  6357 | D:8      | Bought the amulet of Ephemeral Luck {Reflect rPois rF- rN++
                  | Dex+3 Slay+3 SH+5} for 826 gold pieces
  6540 | D:8      | Noticed Joseph
  6552 | D:8      | Killed Joseph
  6648 | D:8      | Gained mutation: Your touch may irresistibly damage your
                  | foes and sap their willpower. [demonic ancestry]
  6648 | D:8      | Reached XP level 10. HP: 68/74 MP: 10/10
  6745 | D:8      | Identified the +5 long sword of Fear {distort, rC+}
  6781 | D:8      | Found a stormy altar of Qazlal.
  6781 | D:8      | Found a bloodstained altar of Trog.
  6782 | D:8      | Found an ornate altar of the Wu Jian Council.
  7267 | D:9      | Found a staircase to the Lair.
  7510 | D:9      | Noticed a two-headed ogre
  7521 | D:9      | Killed a two-headed ogre
  7722 | D:9      | Noticed a two-headed ogre
  7722 | D:9      | Noticed a centaur warrior
  7728 | D:9      | Reached skill level 8 in Long Blades
  7732 | D:9      | Killed a centaur warrior
  7733 | D:9      | Reached skill level 5 in Necromancy
  7735 | D:9      | Noticed a skeletal warrior
  7739 | D:9      | Mangled by a two-headed ogre

Illustrated notes

Levels and vault maps discovered:
D:1:      lightli_arrival_windingriver, layout_loops_ring
D:2:      layout_basic, dk_noncrumbling_3
D:3:      layout_loops_corners, mainiacjoe_overflow_boulevard,
          shapermc_ecumenical_altar_gd, minmay_misc_feat_alley, st_stairs_8
D:4:      layout_gridville, lemuel_flame_loot_1
D:5:      layout_basic, minmay_temple_entry_stoned_glass
D:6:      layout_basic, grunt_decor_mini_mirrors
D:7:      layout_loops_cross, mainiacjoe_overflow_six_doors_small,
          lemuel_round_altar, lemuel_blue_sif_altar
D:8:      layout_cave_pools, gammafunk_temple_overflow_claw, serial_shops, shop,
          hangedman_abyss_or_decor_passed, fungi_pond_lemuel, uniq_joseph
D:9:      layout_basic, dpeg_oklobed_lair, minmay_ruined_shrine
Temple:   nicolae_temple_superstar

Skill      XL: |  1  2  3  4  5  6  7  8  9 10 |
---------------+-------------------------------+-----
Long Blades    | 3 4 5 6 7 8 |  8.2
Armour         | 1 2 3 4 5 6 7 |  7.7
Dodging        | 3 4 5 6 |  6.1
Fighting       | 3 4 5 6 |  6.1
Necromancy     | 1 2 4 5 |  5.1
Evocations     | 1 2 3 4 |  4.4
Throwing       | |  1.7

Action                     |  1- 3 |  4- 6 |  7- 9 | 10-12 || total
---------------------------+-------+-------+-------+-------++-------
  Melee: Long sword        |    52 |       |       |       ||    52
         Scimitar          |    45 |   116 |   193 |    63 ||   417
         Touch             |       |     7 |    23 |    14 ||    44
    Use: Scroll            |     4 |     5 |     6 |       ||    15
   Stab: Sleeping          |     2 |       |       |       ||     2
         Distracted        |       |       |     2 |       ||     2
 Armour: Scale mail        |    38 |       |       |       ||    38
         Leather armour    |     1 |       |       |       ||     1
         Chain mail        |    35 |   113 |   138 |    92 ||   378
  Dodge: Dodged            |    44 |    58 |    75 |    46 ||   223
  Block: Other             |       |       |     1 |    25 ||    26
         Reflection        |       |       |       |     2 ||     2

Table legend: (Time is in decaauts)
 A = Elapsed time spent in this place.
 B = Non-inter-level travel time spent in this place.
 C = Inter-level travel time spent in this place.
 D = Time resting spent in this place.
 E = Time spent auto-exploring this place.
 F = Levels seen in this place.
 G = Mean time per level.
                   A        B        C        D        E       F      G
               +--------+--------+--------+--------+--------+-----+--------+
         Total |   7810 |   7522 |    288 |    507 |   5030 |  10 |  781.0 |
       Dungeon |   7771 |   7501 |    270 |    507 |   5030 |   9 |  863.4 |
        Temple |     38 |     20 |     18 |      0 |      0 |   1 |   38.0 |
               +--------+--------+--------+--------+--------+-----+--------+

Top non-repeatable levels by time:
     D:8: 1135 daAuts
     D:6: 1033 daAuts
     D:2: 996 daAuts
     D:7: 977 daAuts
     D:4: 953 daAuts
     D:3: 912 daAuts
     D:1: 668 daAuts
     D:5: 594 daAuts
     D:9: 500 daAuts
  Temple: 38 daAuts
